 Dungeon Crawl Stone Soup version 0.31-a0-431-g88bdf31460 (webtiles) character file.

Game seed: 5441133120867181175

812 mopl the Chopper (level 7, 0/62 HPs)
             Began as a Hill Orc Fighter on July 31, 2023.
             Slain by a bullfrog (4 damage)
             ... on level 5 of the Dungeon.
             The game lasted 00:05:03 (5989 turns).

mopl the Chopper (Hill Orc Fighter)                 Turns: 5989, Time: 00:05:04

Health: 0/62       AC:  8    Str: 19    XL:     7   Next: 93%
Magic:  7/7        EV: 10    Int:  8    God:
Gold:   86         SH:  4    Dex: 12    Spells: 6/6 levels left

rFire   . . .        a - +0 war axe
rCold   . . .        c - +0 buckler
rNeg    . . .        b - +0 scale mail
rPois   .            i - +0 helmet
rElec   .            (no cloak)
rCorr   .            (no gloves)
SInv    +            (no boots)
Will    .....        n - amulet of magic regeneration Stlth
                     m - ring of see invisible
HPRegen 0.30/turn    (no ring)
MPRegen 0.50/turn

%: no passive effects
@: no status effects
A: no striking features
a: no special abilities


You were on level 5 of the Dungeon.
You visited 1 branch of the dungeon, and saw 6 of its levels.

You collected 296 gold pieces.
You spent 210 gold pieces at shops.

Inventory:

Hand Weapons
 a - a +0 war axe (weapon)
Missiles
 k - 11 poisoned darts (quivered)
 x - a curare-tipped dart
Armour
 b - a +0 scale mail (worn)
 c - a +0 buckler (worn)
 i - a +0 helmet (worn)
Jewellery
 m - a ring of see invisible (left hand)
 n - an amulet of magic regeneration (around neck)
Wands
 u - a wand of mindburst (12)
 v - a wand of roots (14)
 z - a wand of charming (3)
Scrolls
 e - 4 scrolls of enchant armour {unknown}
 g - a scroll of enchant weapon {unknown}
 h - a scroll of revelation {unknown}
 l - 2 scrolls of fog {unknown}
 p - a scroll of poison {unknown}
 t - a scroll of summoning {unknown}
 w - 4 scrolls of teleportation
 y - a scroll of acquirement {unknown}
 A - a scroll of blinking {unknown}
Potions
 d - 2 potions of might
 f - 4 potions of lignification {unknown}
 j - a potion of magic
 o - 2 potions of ambrosia
 q - a potion of brilliance
 r - 2 potions of mutation {!q}
 s - a potion of heal wounds


   Skills:
 + Level 5.7 Fighting
 * Level 7.3 Axes
 + Level 1.1 Throwing
 + Level 5.2 Armour
 + Level 2.7 Dodging
 - Level 3.2 Shields
 + Level 1.3 Evocations


You had 6 spell levels left.
You didn't know any spells.
Your spell library contained the following spells:

 Spells                   Type           Power      Damage    Failure   Level
 Ensorcelled Hibernation  Hex/Ice        0%         N/A       93%         2
 Portal Projectile        Hex/Tloc       0%         N/A       99%         3
 Tukima's Dance           Hex            0%         N/A       99%         3
 Anguish                  Hex/Necr       0%         N/A       100%        4
 Iskenderun's Mystic Bla  Conj/Tloc      0%         2d3       100%        4
 Alistair's Intoxication  Tmut/Pois      0%         N/A       100%        5
 Borgnjor's Vile Clutch   Necr/Erth      0%         N/A       100%        5
 Eringya's Noxious Bog    Tmut/Pois      0%         4d6       100%        6


Dungeon Overview and Level Annotations

Branches:
Dungeon (6/15)
 Temple: D:4-7

Altars:
Ashenzari
Cheibriados
Makhleb
Okawaru

Shops:
D:1 ?

Annotations:
D:2 1 runed translucent door


Message History

You climb upwards.
There is a stone staircase leading down, spattered with blood here.
Unknown command.
You closely miss the bullfrog. You miss the ufetubus.
The ufetubus barely misses you. The ufetubus closely misses you.
You block the bullfrog's attack.
The ufetubus hits you but does no damage. x2
The bullfrog hits you but does no damage.
Unknown command.
You hit the bullfrog.
The bullfrog is lightly wounded.
You barely miss the ufetubus. The ufetubus barely misses you.
The ufetubus misses you. The bullfrog misses you. The ufetubus hits you.
* * * LOW HITPOINT WARNING * * *
The ufetubus barely misses you. You block the bullfrog's attack.
You barely miss the bullfrog.
The bullfrog is lightly wounded.
You closely miss the ufetubus. The ufetubus hits you.
* * * LOW HITPOINT WARNING * * *
The ufetubus hits you but does no damage.
The bullfrog barely misses you. The ufetubus closely misses you.
The ufetubus hits you.
* * * LOW HITPOINT WARNING * * *
You block the bullfrog's attack.
You hit the bullfrog.
The bullfrog is moderately wounded.
You barely miss the ufetubus. The ufetubus hits you.
* * * LOW HITPOINT WARNING * * *
The ufetubus hits you but does no damage.
The bullfrog hits you.
* * * LOW HITPOINT WARNING * * *
The ufetubus barely misses you. You block the ufetubus's attack.
The bullfrog hits you.
* * * LOW HITPOINT WARNING * * *
You completely miss the bullfrog.
The bullfrog is lightly wounded.
You closely miss the ufetubus.
The ufetubus hits you but does no damage.
The ufetubus misses you. The bullfrog hits you.
You die...

.########.####
#....############# ....# #..#
###..##### # ###.# ##.##
#......# # ###)# #..#
###..#.#.# # ....#
##.####......#.#### ###
.####### #.##.......##....#
#.. .#.....#
#.)).#.###.#####.####.#
....#..#
####.F.)##.#####.##...#
###....# #..@[##.......##.###
# ####.# ###)5########.##.# #
#.#### #..### #.##.# #
#....######....# ###.##.# #
####.........#.####...##.# #
#############...##.#.##.# #
#...# #.#.......#.### #
#.#.#########.#.##.#....... #
####.#...........#..#.#.###.##


You could see a bullfrog and an ufetubus.

Vanquished Creatures
  A black bear (D:5)
  A phantom (D:4)
  A kobold brigand (D:6)
  A scorpion (D:6)
  A jelly (D:3)
  2 hounds
  A gnoll bouda (D:5)
  2 sleepcaps (D:5)
  Natasha (thrice) (D:3)
  3 iguanas
  An orc wizard (D:6)
  9 gnolls
  A worm (D:3)
  2 dart slugs (D:4)
  4 orcs
  4 endoplasms
  3 giant cockroaches
  5 goblins
  5 hobgoblins
  6 jackals
  5 quokkas
  7 ball pythons
  2 bats (D:2)
  4 frilled lizards
  13 kobolds
  A rat (D:3)
88 creatures vanquished.

Notes
Turn   | Place    | Note
-------+----------+-------------------------------------------
     0 | D:1      | mopl the Hill Orc Fighter began the quest for the Orb.
     0 | D:1      | Reached XP level 1. HP: 19/19 MP: 1/1
   137 | D:1      | Found Atebun's Magic Scroll Boutique.
   146 | D:1      | Bought a scroll of identify for 28 gold pieces
   313 | D:1      | You fall into a shaft and drop 1 floor!
   327 | D:2      | Reached skill level 3 in Axes
   552 | D:1      | Reached XP level 2. HP: 24/27 MP: 2/2
  1100 | D:2      | Reached XP level 3. HP: 33/33 MP: 3/3
  1336 | D:2      | Found a runed translucent door.
  1423 | D:3      | Reached skill level 4 in Fighting
  1542 | D:3      | Noticed Natasha
  1553 | D:3      | Killed Natasha
  1554 | D:3      | Reached skill level 4 in Axes
  1554 | D:3      | Reached skill level 1 in Dodging
  1668 | D:3      | Reached XP level 4. HP: 40/40 MP: 4/4
  2696 | D:3      | Noticed Natasha
  2706 | D:3      | Killed Natasha
  2707 | D:3      | Reached skill level 4 in Armour
  2707 | D:3      | Reached XP level 5. HP: 26/47 MP: 5/5
  2848 | D:3      | Noticed Natasha
  2857 | D:3      | Killed Natasha
  3576 | D:4      | Found a snail-covered altar of Cheibriados.
  3608 | D:4      | Noticed a phantom
  3614 | D:4      | Reached skill level 5 in Axes
  3620 | D:4      | Killed a phantom
  3621 | D:4      | Reached XP level 6. HP: 39/53 MP: 6/6
  3893 | D:4      | Found a burning altar of Makhleb.
  4006 | D:4      | Found an iron altar of Okawaru.
  4304 | D:5      | Entered Level 5 of the Dungeon
  4352 | D:5      | Reached skill level 2 in Dodging
  4443 | D:5      | Reached skill level 5 in Fighting
  4455 | D:5      | Noticed a black bear
  4465 | D:5      | Killed a black bear
  4466 | D:5      | Reached skill level 6 in Axes
  4533 | D:5      | Reached XP level 7. HP: 46/61 MP: 7/7
  5225 | D:1      | Bought a scroll of noise for 14 gold pieces
  5225 | D:1      | Bought a scroll of identify for 28 gold pieces
  5225 | D:1      | Bought a scroll of teleportation for 42 gold pieces
  5225 | D:1      | Bought a scroll of teleportation for 42 gold pieces
  5225 | D:1      | Bought a scroll of identify for 28 gold pieces
  5225 | D:1      | Bought a scroll of identify for 28 gold pieces
  5420 | D:5      | Reached skill level 5 in Armour
  5642 | D:6      | Reached skill level 7 in Axes
  5642 | D:6      | Reached skill level 1 in Evocations
  5674 | D:6      | Found a broken altar of Ashenzari.
  5735 | D:5      | Reached skill level 1 in Throwing
  5989 | D:5      | Slain by a bullfrog

Illustrated notes

Levels and vault maps discovered:
D:1:      dpeg_arrival_refuge, layout_loops_ring, serial_shops, shop,
          minmay_misc_feat_square, hangedman_decor_peaks_small
D:2:      layout_loops_cross, uniq_crazy_yiuf_cottage
D:3:      layout_loops_corners, uniq_natasha
D:4:      layout_loops_cross, makhleb_blood_cavern_becter,
          kennysheep_slug_shrine, marbit_many_paths, reono_crystal_passage,
          nicolae_concentric_dashed_squares_wild, st_stairs_2
D:5:      layout_basic
D:6:      dreamdust_elfheim, layout_basic, gammafunk_temple_overflow_statue,
          lemuel_coloured_pillars_altar, cheibrodos_ashenzari_chains

Skill      XL: |  1  2  3  4  5  6  7 |
---------------+----------------------+-----
Axes           | 3 4 5 6 7 |  7.3
Fighting       | 4 5 |  5.7
Dodging        | 1 2 |  2.7
Armour         | 4 5 |  5.2
Evocations     | 1 |  1.3
Throwing       | 1 |  1.1
Shields        | |  3.2

Action                     |  1- 3 |  4- 6 |  7- 9 || total
---------------------------+-------+-------+-------++-------
  Melee: War axe           |    81 |   125 |   120 ||   326
  Throw: Dart              |       |       |     4 ||     4
    Use: Scroll            |     2 |     2 |     4 ||     8
 Armour: Scale mail        |    34 |    58 |    58 ||   150
  Dodge: Dodged            |    39 |    54 |    90 ||   183
  Block: Buckler           |    22 |    31 |    33 ||    86

Table legend: (Time is in decaauts)
 A = Elapsed time spent in this place.
 B = Non-inter-level travel time spent in this place.
 C = Inter-level travel time spent in this place.
 D = Time resting spent in this place.
 E = Time spent auto-exploring this place.
 F = Levels seen in this place.
 G = Mean time per level.
                   A        B        C        D        E       F      G
               +--------+--------+--------+--------+--------+-----+--------+
         Total |   6105 |   5678 |    427 |    476 |   4388 |   6 | 1017.5 |
       Dungeon |   6105 |   5678 |    427 |    476 |   4388 |   6 | 1017.5 |
               +--------+--------+--------+--------+--------+-----+--------+

Top non-repeatable levels by time:
     D:3: 2304 daAuts
     D:5: 1106 daAuts
     D:4: 848 daAuts
     D:1: 747 daAuts
     D:2: 699 daAuts
     D:6: 398 daAuts
